[Event "Titled Tuesday Blitz August 08 Early 2023"]
[White "Jones, Gawain C B"]
[Black "Csonka, Balazs"]
[WhiteFideId "409561"]
[BlackFideId "742910"]
[WhiteElo "2904"]
[BlackElo "2717"]
[Result "0-1"]
[Round "6"]
[TimeControl "180+1"]
[Date "2023.08.08"]
[WhiteClock "0:00:04"]
[BlackClock "0:00:09"]
[Board "19"]

1. Nf3 Nf6 2. c4 b6 3. b4 Bb7 4. Bb2 e6 5. Qb3 c5 6. bxc5 Bxc5 7. d4 Be7 8. e3 O-O 9. Be2 d5 10. Nbd2 Nc6 11. cxd5 Na5 12. Qd3 Bxd5 13. e4 Bb7 14. O-O Rc8 15. Ne5 Nc6 16. f4 Nb4 17. Qe3 Nc2 18. Qd3 Nxa1 19. Bxa1 Bb4 20. Nef3 Bxd2 21. Nxd2 Qc7 22. Bf3 Qc2 23. Qe3 Ba6 24. Re1 Qd3 25. Qf2 Rc2 26. Rd1 Rxa2 27. d5 exd5 28. Bxf6 gxf6 29. Qg3+ Kh8 30. Nf1 Qc3 31. exd5 Be2 32. Bxe2 Qc5+ 33. Kh1 Rxe2 34. d6 Qf2 35. d7 Rd8 36. h4 Qxg3 37. Nxg3 Re7 38. Rd6 Rexd7 39. Rxf6 Kg7 40. Nh5+ Kf8 41. Rh6 Rd6 42. Rxh7 Kg8 43. Rg7+ Kf8 44. Rh7 a5 45. f5 Kg8 46. Rg7+ Kf8 47. Rh7 a4 48. f6 Ke8 49. Rg7 a3 50. Rg8+ Kd7 51. Rg3 Ra8 52. Re3 a2 53. Re7+ Kc6 54. Re1 a1=Q 55. Rxa1 Rxa1+ 56. Kh2 Ra5 57. Ng3 Rxf6 58. Ne2 Rh6 59. g3 Ra2 60. Kh3 Rxe2 61. Kg4 Ree6 62. h5 b5 63. Kh4 Rxh5+ 64. Kxh5 Rg6 65. g4 b4 0-1


[Site "https://www.chess.com"]

[Event "Titled Tuesday Blitz August 08 Early 2023"]
[White "Rendle, Thomas E"]
[Black "Gholami Orimi, Mahdi"]
[WhiteFideId "408760"]
[BlackFideId "12558486"]
[WhiteElo "2715"]
[BlackElo "2900"]
[Result "0-1"]
[Round "6"]
[TimeControl "180+1"]
[Date "2023.08.08"]
[WhiteClock "0:00:04"]
[BlackClock "0:01:08"]
[Board "20"]

1. e4 c5 2. Nc3 Nc6 3. Bb5 Nd4 4. Nf3 g6 5. O-O a6 6. Bd3 Bg7 7. Nxd4 cxd4 8. Ne2 e6 9. b3 Ne7 10. Bb2 Nc6 11. c3 dxc3 12. dxc3 O-O 13. Qd2 d5 14. exd5 exd5 15. Rad1 Bg4 16. f3 Qb6+ 17. Kh1 Be6 18. Nd4 Nxd4 19. cxd4 Bxd4 20. f4 Bxb2 21. Qxb2 f5 22. Rfe1 Bf7 23. Be2 Rfe8 24. Bf3 Rxe1+ 25. Rxe1 d4 26. h3 Re8 27. Rd1 Rd8 28. Qa3 Qc7 29. Qb4 Qxf4 30. Qxb7 d3 31. Qxa6 d2 32. Qb5 g5 33. Be2 Qe4 34. Bf3 Qf4 35. Be2 Re8 36. a4 Re5 37. Qa6 g4 38. Rf1 Qxf1+ 39. Bxf1 d1=Q 0-1


[Site "https://www.chess.com"]

[Event "Titled Tuesday Blitz August 08 Early 2023"]
[White "Aravindh, Chithambaram VR."]
[Black "Skliarov, Viktor"]
[WhiteFideId "5072786"]
[BlackFideId "14106736"]
[WhiteElo "2892"]
[BlackElo "2692"]
[Result "0-1"]
[Round "6"]
[TimeControl "180+1"]
[Date "2023.08.08"]
[WhiteClock "0:01:36"]
[BlackClock "0:00:21"]
[Board "21"]

1. c4 e5 2. Nf3 Nc6 3. d4 exd4 4. Nxd4 Bc5 5. Be3 Qf6 6. Nb5 Bxe3 7. fxe3 Kd8 8. N1c3 Nge7 9. Rc1 a6 10. Nd4 Re8 11. g3 Nf5 12. Nd5 Qe5 13. Nxf5 Qxf5 14. Bg2 d6 15. Rf1 Qg6 16. c5 Bg4 17. cxd6 Qxd6 18. Rxf7 Be6 19. Rxg7 Bxd5 20. Qd4 Nxd4 0-1


[Site "https://www.chess.com"]

[Event "Titled Tuesday Blitz August 08 Early 2023"]
[White "Seemann, Jakub"]
[Black "Baskakov, Egor"]
[WhiteFideId "21874697"]
[BlackFideId "24197866"]
[WhiteElo "2687"]
[BlackElo "2878"]
[Result "0-1"]
[Round "6"]
[TimeControl "180+1"]
[Date "2023.08.08"]
[WhiteClock "0:00:00"]
[BlackClock "0:00:45"]
[Board "22"]

1. Nf3 Nf6 2. g3 e6 3. Bg2 d5 4. O-O Be7 5. c4 O-O 6. b3 b6 7. Bb2 Bb7 8. cxd5 Bxd5 9. Nc3 Bb7 10. d3 c5 11. Qc2 Nc6 12. a3 Rc8 13. e3 Nd4 14. exd4 Bxf3 15. Bxf3 cxd4 16. Qd2 dxc3 17. Bxc3 Nd5 18. Bb2 Bf6 19. d4 Qd7 20. Rac1 Qb5 21. b4 h6 22. Kg2 Bg5 23. Qd1 Bxc1 24. Bxc1 Rfd8 25. h4 Qc4 26. Qa4 a5 27. h5 axb4 28. axb4 Qxd4 29. Rd1 Qxb4 30. Qa7 Qb3 31. Qb7 Qc4 32. Bb2 Rc7 33. Rxd5 Rxd5 34. Qb8+ Rc8 35. Qb7 Rd2 36. Be5 Qc5 37. Qe4 Qxf2+ 38. Kh3 Qf1+ 39. Kh4 Rc4 0-1


[Site "https://www.chess.com"]

[Event "Titled Tuesday Blitz August 08 Early 2023"]
[White "Bernadskiy, Vitaliy"]
[Black "Yaran, Siar"]
[WhiteFideId "14100371"]
[BlackFideId "6323006"]
[WhiteElo "2873"]
[BlackElo "2677"]
[Result "1/2-1/2"]
[Round "6"]
[TimeControl "180+1"]
[Date "2023.08.08"]
[WhiteClock "0:00:05"]
[BlackClock "0:00:05"]
[Board "23"]

1. d4 Nf6 2. c4 e6 3. g3 d5 4. Bg2 Be7 5. Nf3 O-O 6. O-O dxc4 7. Qc2 a6 8. a4 Bd7 9. Qxc4 Bc6 10. Bg5 Bd5 11. Qd3 Be4 12. Qb3 Nc6 13. e3 Na5 14. Qd1 c5 15. Nbd2 Bc6 16. dxc5 Bxc5 17. Qc2 Be7 18. Rfd1 Rc8 19. Qb1 Qb6 20. Bf4 Rfd8 21. Be5 Nb3 22. Nxb3 Qxb3 23. Nd4 Qb6 24. a5 Qc5 25. Nxc6 bxc6 26. Rxd8+ Rxd8 27. Bd4 Qb5 28. Bf1 Qb7 29. Bb6 Rd7 30. e4 Bd8 31. Be3 c5 32. f3 Be7 33. Qc2 h5 34. b3 h4 35. Rd1 Rxd1 36. Qxd1 Qb4 37. Qd2 Qb8 38. Kf2 hxg3+ 39. hxg3 Nh5 40. f4 Nf6 41. Kf3 Qb7 42. Qd3 Ne8 43. Qxa6 Qxb3 44. Qc8 Kf8 45. a6 Qd1+ 46. Be2 Qh1+ 47. Kf2 Qh2+ 48. Ke1 Qxg3+ 49. Kd2 c4 50. a7 Bb4+ 51. Kc2 Qxe3 52. Qxe8+ Kxe8 53. a8=Q+ Ke7 54. Qb7+ Kf6 55. e5+ Kg6 56. Bh5+ Kxh5 57. Qxf7+ Kh6 58. Qxe6+ g6 59. Qxc4 Qd2+ 60. Kb3 Be7 61. Qf7 Qb4+ 62. Kc2 Qc5+ 63. Kd3 Qb5+ 64. Ke4 Qc6+ 65. Ke3 Bc5+ 66. Kd3 Qb5+ 67. Ke4 Qb1+ 68. Kf3 Qd3+ 69. Kg4 Qe2+ 70. Kh3 Bf2 71. Qf8+ Kh7 72. Qf7+ Kh6 73. Qf8+ Kh7 74. Qf7+ Kh6 1/2-1/2


[Site "https://www.chess.com"]

[Event "Titled Tuesday Blitz August 08 Early 2023"]
[White "Yeletsky, Ivan"]
[Black "Timerkhanov, Alexander"]
[WhiteFideId "24180327"]
[BlackFideId "24177938"]
[WhiteElo "2864"]
[BlackElo "2663"]
[Result "1/2-1/2"]
[Round "6"]
[TimeControl "180+1"]
[Date "2023.08.08"]
[WhiteClock "0:00:04"]
[BlackClock "0:00:11"]
[Board "24"]

1. e4 c5 2. Nf3 a6 3. g3 b5 4. d4 cxd4 5. Nxd4 Bb7 6. Bg2 e6 7. O-O d6 8. a4 bxa4 9. c4 Nf6 10. Nc3 Qc7 11. Rxa4 Be7 12. b3 O-O 13. g4 Nc6 14. g5 Nd7 15. Be3 Nxd4 16. Qxd4 Nc5 17. Ra3 Rfc8 18. h4 Bf8 19. Rc1 g6 20. Qd2 Bg7 21. b4 Nd7 22. Ne2 Ne5 23. c5 dxc5 24. Bxc5 Rd8 25. Qe3 Qd7 26. Raa1 Rac8 27. Rab1 Qb5 28. Be7 Re8 29. Rxc8 Rxc8 30. Rd1 Ng4 31. Qd2 h6 32. Bh3 h5 33. Bg2 Kh7 34. f3 Ne5 35. Bf6 Nc4 36. Qd7 Qb6+ 37. Kh2 Rc7 38. Qe8 Bxf6 39. gxf6 Qf2 40. Ng3 Ne3 41. Rg1 Nxg2 42. Rxg2 Qxf3 43. Qd8 Bxe4 44. Nxe4 Qxe4 45. Qxc7 Qxh4+ 46. Kg1 Qe1+ 47. Kh2 Qh4+ 48. Kg1 Qe1+ 49. Kh2 Qh4+ 1/2-1/2


[Site "https://www.chess.com"]

[Event "Titled Tuesday Blitz August 08 Early 2023"]
[White "Iskusnyh, Sergei"]
[Black "Kushko, Dmitriy"]
[WhiteFideId "4120027"]
[BlackFideId "14162261"]
[WhiteElo "2644"]
[BlackElo "2847"]
[Result "1-0"]
[Round "6"]
[TimeControl "180+1"]
[Date "2023.08.08"]
[WhiteClock "0:00:14"]
[BlackClock "0:00:00"]
[Board "25"]

1. d4 g6 2. Nf3 Bg7 3. c4 d6 4. g3 Nf6 5. Bg2 O-O 6. Nc3 Nc6 7. d5 Na5 8. b3 c5 9. Bb2 a6 10. O-O Rb8 11. Nd2 b5 12. Qc1 h5 13. Nd1 h4 14. Bc3 h3 15. Bh1 e6 16. e4 e5 17. Ne3 Bh6 18. Qc2 Nb7 19. Rae1 Nh5 20. Bf3 Bd7 21. Bxh5 Bxe3 22. Rxe3 gxh5 23. f4 f6 24. f5 Kf7 25. Nf3 Rg8 26. Nh4 Rg4 27. Kh1 Qb6 28. Ng6 Kg7 29. Ree1 Be8 30. Nh4 Nd8 31. Bd2 Nf7 32. Nf3 Bd7 33. Ng1 Rh8 34. Qd1 Kf8 35. Nxh3 Rg7 36. Nf2 h4 37. g4 h3 38. Rg1 Ke7 39. Rg3 Qb8 40. Reg1 Qg8 41. Qc1 b4 42. a3 a5 43. axb4 axb4 44. Nd3 Qb8 45. Be3 Ng5 46. Bxg5 Rxg5 47. Ne1 Rg7 48. g5 fxg5 49. Rxg5 Rf7 50. Rg7 Qf8 51. Qg5+ Ke8 52. Rxf7 Qxf7 53. Nf3 Rh5 54. Qg3 Rh8 55. Nxe5 1-0


[Site "https://www.chess.com"]

[Event "Titled Tuesday Blitz August 08 Early 2023"]
[White "Timofeev, Artyom"]
[Black "Sakun, Volodymyr"]
[WhiteFideId "4140419"]
[BlackFideId "14114062"]
[WhiteElo "2839"]
[BlackElo "2652"]
[Result "1-0"]
[Round "6"]
[TimeControl "180+1"]
[Date "2023.08.08"]
[WhiteClock "0:00:22"]
[BlackClock "0:00:00"]
[Board "26"]

1. c4 e5 2. e3 Nf6 3. Nc3 d5 4. cxd5 Nxd5 5. Nf3 Nxc3 6. bxc3 Bd6 7. d4 Nd7 8. Bd3 Qe7 9. Qc2 h6 10. O-O O-O 11. c4 b6 12. Be4 Rb8 13. Bc6 Bb7 14. Bxb7 Rxb7 15. Bb2 e4 16. Nd2 Re8 17. a4 Qh4 18. h3 Bb4 19. Bc3 Bxc3 20. Qxc3 Re6 21. a5 Rg6 22. Kh1 Nf6 23. axb6 axb6 24. Ra8+ Kh7 25. d5 b5 26. c5 Nxd5 27. Qe5 Rg5 28. Qxe4+ Qxe4 29. Nxe4 Re5 30. Nd2 Nb4 31. Nb3 Nd3 32. Na5 Nxc5 33. Nxb7 Nxb7 34. Ra7 Nc5 35. Rxc7 b4 36. Rb1 Nd3 37. Kg1 Rb5 38. Rxf7 b3 39. Rd7 Ne5 40. Rd4 Nc6 41. Rc4 Na5 42. Rc3 Kg6 43. g4 Kf6 44. f4 Ke6 45. Kf2 Rb4 46. Rc5 Nc4 47. Rxc4 Rxc4 48. Rxb3 Rc2+ 49. Kg3 Kf6 50. Rb6+ Kf7 51. h4 Re2 52. Kf3 Rh2 53. h5 Rh3+ 54. Ke4 Kg8 55. Re6 Kf7 56. Re5 Rg3 57. Kf5 Rf3 58. e4 Rf1 59. Ra5 Kg8 60. Ra7 Kh7 61. e5 Re1 62. Ke6 Rf1 63. f5 Rg1 64. f6 Rxg4 65. f7 Rf4 66. Ra8 1-0


[Site "https://www.chess.com"]

[Event "Titled Tuesday Blitz August 08 Early 2023"]
[White "Tsvetkov, Andrey"]
[Black "Bharath Subramaniyam H"]
[WhiteFideId "34139360"]
[BlackFideId "46634827"]
[WhiteElo "2629"]
[BlackElo "2834"]
[Result "1/2-1/2"]
[Round "6"]
[TimeControl "180+1"]
[Date "2023.08.08"]
[WhiteClock "0:00:08"]
[BlackClock "0:00:09"]
[Board "27"]

1. d4 d5 2. c4 c6 3. Nc3 Nf6 4. e3 Bf5 5. cxd5 cxd5 6. Qb3 Nc6 7. Qxb7 Bd7 8. Qb3 Rb8 9. Qd1 e5 10. dxe5 Nxe5 11. Be2 Bb4 12. Nf3 Nxf3+ 13. Bxf3 Bb5 14. Be2 Bxc3+ 15. bxc3 Bxe2 16. Qxe2 Qc7 17. O-O Qxc3 18. Bd2 Qa3 19. Bc1 Qc3 20. Bd2 Qa3 21. Bc1 Qb4 22. a4 Qg4 23. Qxg4 Nxg4 24. Ba3 Kd7 25. Rfd1 Ke6 26. Rd4 Ne5 27. Rad1 Rhd8 28. e4 f6 29. f4 Ng4 30. exd5+ Kf7 31. R4d3 Rd7 32. Re1 f5 33. d6 Nf6 34. Re7+ Rxe7 35. dxe7 Ne8 36. Rd5 g6 37. Rd7 Rb1+ 38. Kf2 Ra1 39. Rd3 Ra2+ 40. Kf3 Nf6 41. h3 h6 42. g4 Ne4 43. gxf5 gxf5 44. a5 Nd2+ 45. Kg3 Ne4+ 46. Kh4 Rf2 47. Rd8 Rxf4+ 48. Kh5 Nf6+ 49. Kxh6 Ne8 50. Kg5 Ra4 51. Bc5 Rxa5 52. Bb4 Rb5 53. Ba3 a5 54. Ra8 Re5 55. h4 Rd5 56. h5 f4+ 57. Kg4 f3 58. Kxf3 Rd3+ 59. Ke4 Rxa3 60. h6 Rh3 61. Rxa5 Rxh6 62. Rf5+ Kxe7 63. Re5+ Kf7 64. Kf5 Nf6 65. Kg5 Rh5+ 66. Kf4 Rh4+ 67. Kg5 Rg4+ 68. Kf5 Rg1 69. Rb5 Rf1+ 70. Ke5 Kg6 71. Ke6 Re1+ 72. Kd6 Re2 73. Re5 Rd2+ 74. Kc6 Kf7 75. Rg5 Ke6 76. Rg6 Rc2+ 77. Kb6 Ke5 78. Rg5+ Kd6 79. Rg6 Rb2+ 80. Ka6 Ke5 81. Ka5 Nd5 82. Rg5+ Kd4 83. Rg4+ Kc5 84. Ka6 Nc7+ 85. Ka7 Nd5 86. Ka6 Rb1 87. Rg5 Rb6+ 88. Ka5 Rb2 89. Ka6 Kc6 90. Rg6+ Kc5 91. Rg5 Rc2 92. Ka7 Rf2 93. Ka6 Rf6+ 94. Ka5 Kc4 95. Rg4+ Nf4 96. Rh4 Kc5 97. Ka4 Nd3 98. Kb3 Ne5 99. Kc3 Rf3+ 100. Kd2 Nc4+ 101. Ke2 Ra3 102. Kf2 Nb6 103. Rh5+ Nd5 104. Rh4 Nf6 105. Rf4 Nd7 106. Rf3 Ra2+ 107. Kg3 Ne5 108. Rf5 Kd4 109. Kf4 Rf2+ 110. Kg5 Rg2+ 111. Kf6 Rg6+ 112. Ke7 Kd5 1/2-1/2


[Site "https://www.chess.com"]

[Event "Titled Tuesday Blitz August 08 Early 2023"]
[White "Domingo Nunez, Ruben"]
[Black "Pakleza, Zbigniew"]
[WhiteFideId "22245570"]
[BlackFideId "1119290"]
[WhiteElo "2632"]
[BlackElo "2826"]
[Result "0-1"]
[Round "6"]
[TimeControl "180+1"]
[Date "2023.08.08"]
[WhiteClock "0:01:09"]
[BlackClock "0:00:33"]
[Board "28"]

1. Nf3 d5 2. b3 Nf6 3. Bb2 Bf5 4. e3 e6 5. Be2 h6 6. O-O Be7 7. c4 c6 8. Nc3 Nbd7 9. d4 O-O 10. Rc1 Ne4 11. Bd3 Ndf6 12. Ne5 Bd6 13. f3 Nxc3 14. Rxc3 Re8 15. Bxf5 exf5 16. Qd3 Bxe5 17. dxe5 Rxe5 18. Rc2 Re6 19. Rd2 Qa5 20. Bxf6 Rxf6 21. cxd5 Rd8 22. e4 fxe4 23. fxe4 Rfd6 24. Qf3 Qxd2 0-1


[Site "https://www.chess.com"]

[Event "Titled Tuesday Blitz August 08 Early 2023"]
[White "Thecourseoisildur"]
[Black "Tristan, Leonardo"]
[BlackFideId "113816"]
[WhiteElo "2597"]
[BlackElo "2822"]
[Result "1-0"]
[Round "6"]
[TimeControl "180+1"]
[Date "2023.08.08"]
[WhiteClock "0:00:10"]
[BlackClock "0:00:23"]
[Board "29"]

1. d4 d5 2. c4 e6 3. Nf3 Nf6 4. g3 Be7 5. Bg2 O-O 6. O-O dxc4 7. Qc2 a6 8. a4 Bd7 9. Qxc4 Bc6 10. Bg5 a5 11. Rd1 Ra6 12. Nc3 Rb6 13. Bxf6 Bxf6 14. d5 exd5 15. Nxd5 Bxd5 16. Rxd5 Qe7 17. Rxa5 Rxb2 18. Re1 c6 19. e4 Qc7 20. Rf5 Qb6 21. Rf1 Rb4 22. Qc2 Bb2 23. e5 g6 24. Ng5 Bd4 25. e6 f6 26. e7 Re8 27. Qa2+ Rb3 28. Rb5 cxb5 29. Qxb3+ Kg7 30. Qf7+ Kh6 31. Qxe8 Nc6 32. Qf8+ Kxg5 33. e8=Q Ne5 34. h4+ Kh5 35. Qee7 h6 36. Qh7 Ng4 37. Qfg7 f5 38. Bf3 Bxg7 39. Bxg4+ Kxg4 40. Qxg7 h5 41. Kg2 Qc6+ 42. f3+ Qxf3+ 43. Rxf3 f4 44. Rxf4# 1-0


[Site "https://www.chess.com"]

[Event "Titled Tuesday Blitz August 08 Early 2023"]
[White "LangesNasenhaar"]
[Black "Remizov, Yaroslav"]
[BlackFideId "34134015"]
[WhiteElo "2569"]
[BlackElo "2819"]
[Result "0-1"]
[Round "6"]
[TimeControl "180+1"]
[Date "2023.08.08"]
[WhiteClock "0:00:42"]
[BlackClock "0:01:49"]
[Board "30"]

1. d4 Nf6 2. Nc3 d6 3. e4 Nbd7 4. f4 e5 5. Nf3 exd4 6. Qxd4 c6 7. Be3 d5 8. e5 Ng4 9. Bg1 Bc5 10. Qd2 Nh6 11. O-O-O O-O 12. Bd3 b5 13. h3 b4 14. Na4 Bxg1 15. Rhxg1 Qa5 16. b3 Nb6 17. Nxb6 Qa3+ 18. Kb1 axb6 19. c4 bxc3 20. Qc2 Nf5 21. Rde1 d4 22. Re2 Ne3 23. Rxe3 dxe3 24. Bxh7+ Kh8 25. Be4 Rd8 26. Re1 Be6 27. Rxe3 Rd1+ 28. Qxd1 Qb2# 0-1


[Site "https://www.chess.com"]

[Event "Titled Tuesday Blitz August 08 Early 2023"]
[White "Mitrabha, Guha"]
[Black "Di Nicolantonio, Lucas"]
[WhiteFideId "5057000"]
[BlackFideId "680460"]
[WhiteElo "2815"]
[BlackElo "2565"]
[Result "1-0"]
[Round "6"]
[TimeControl "180+1"]
[Date "2023.08.08"]
[WhiteClock "0:00:15"]
[BlackClock "0:00:00"]
[Board "31"]

1. Nf3 g6 2. d4 Bg7 3. g3 d6 4. Bg2 f5 5. O-O Nf6 6. b3 O-O 7. Bb2 Nc6 8. c4 Ne4 9. Nbd2 e6 10. a3 a5 11. Qc2 d5 12. e3 Bd7 13. Ne1 a4 14. cxd5 exd5 15. b4 Na7 16. Nd3 Bb5 17. Rfc1 c6 18. Nf3 Bc4 19. Nc5 Nxc5 20. dxc5 Nb5 21. Bxg7 Kxg7 22. Nd2 Be2 23. Re1 Qf6 24. Qc1 Bd3 25. Nf3 Be4 26. Qd2 Rfe8 27. Nd4 Nxd4 28. exd4 Bxg2 29. Kxg2 Re4 30. Rxe4 fxe4 31. Rb1 Qf3+ 32. Kg1 Qxa3 33. Qf4 Rf8 34. Qe5+ Kg8 35. Qe6+ Kg7 36. Qe5+ Kg8 37. b5 Qf3 38. Rb2 Qd1+ 39. Kg2 Qf3+ 40. Kg1 a3 41. Ra2 cxb5 42. Qxd5+ Qf7 43. Qxf7+ Kxf7 44. Rxa3 Rd8 45. Rb3 Rxd4 46. Rxb5 Rd7 47. Rb6 Rc7 48. Kf1 h5 49. Ke2 Rxc5 50. Rxb7+ Kf6 51. h4 Rc2+ 52. Ke3 Ra2 53. Rb6+ Kf5 54. Rb5+ Kf6 55. Rb4 Ra3+ 56. Kxe4 Ra2 57. Kf3 Ra3+ 58. Kf4 Ra2 59. f3 Kg7 60. Rb5 Kh6 61. Rb4 Ra3 62. Ke4 Rc3 63. Rb7 Ra3 64. Rf7 Ra4+ 65. Ke5 Ra5+ 66. Kd4 Ra3 67. Ke4 Ra4+ 68. Ke3 Ra3+ 69. Kf2 Ra2+ 70. Kf1 Ra3 71. Kg2 Rb3 72. Kh3 Ra3 73. Rf4 Rb3 74. Kg2 Ra3 75. Re4 Rb3 76. Kf2 Ra3 77. Re2 Rb3 78. Re3 Rb2+ 79. Re2 Rb3 80. Ra2 Rc3 81. Rd2 Rb3 82. Ke2 Ra3 83. Rd3 Ra2+ 84. Ke3 Ra1 85. Rd6 Rg1 86. Kf2 Ra1 87. f4 Kg7 88. Rd7+ Kf6 89. Rd6+ Kf7 90. Kf3 Ra4 91. Rd3 Kf6 92. Ke3 Kf5 93. Rd5+ Kf6 94. Rg5 Ra3+ 95. Kf2 Rb3 96. Kg2 Ra3 97. f5 gxf5 98. Rxh5 Kg6 99. Rh8 Rb3 100. Rg8+ Kf7 101. Ra8 Kg6 102. Ra6+ Kh5 103. Rf6 Rb5 104. Kf3 Ra5 105. Kf4 1-0


[Site "https://www.chess.com"]

[Event "Titled Tuesday Blitz August 08 Early 2023"]
[White "Martins, Bruno Andre Leite"]
[Black "Bauman_Guy"]
[WhiteFideId "1942255"]
[WhiteElo "2564"]
[BlackElo "2812"]
[Result "1-0"]
[Round "6"]
[TimeControl "180+1"]
[Date "2023.08.08"]
[WhiteClock "0:00:39"]
[BlackClock "0:00:10"]
[Board "32"]

1. d4 Nf6 2. g3 c5 3. dxc5 e6 4. a3 a5 5. Bg2 Bxc5 6. Nf3 O-O 7. O-O Nc6 8. c4 b6 9. Nc3 Ba6 10. b3 Rc8 11. Bb2 Qe7 12. e3 Rfd8 13. Qe2 d5 14. Nb5 dxc4 15. bxc4 Ne4 16. Rfd1 Nd6 17. Rac1 Na7 18. a4 Nc6 19. Nfd4 Nb4 20. Qg4 g6 21. Nb3 Nf5 22. Nxc5 Qxc5 23. Rxd8+ Rxd8 24. Qg5 Rd2 25. Bc3 Na2 26. Bxd2 Nxc1 27. Bxc1 Qxc4 28. Bb2 Qd3 29. Bf1 Qd5 30. Qf6 Kf8 31. Nc7 Qd7 32. Nxa6 h5 33. Ba3+ Kg8 34. Bb2 Kf8 35. Nb8 Qd2 36. Qh8+ Ke7 37. Bf6+ 1-0


[Site "https://www.chess.com"]

[Event "Titled Tuesday Blitz August 08 Early 2023"]
[White "Mayank Chakraborty"]
[Black "Rosenberg, Evan S"]
[WhiteFideId "25659766"]
[BlackFideId "2019299"]
[WhiteElo "2812"]
[BlackElo "2439"]
[Result "0-1"]
[Round "6"]
[TimeControl "180+1"]
[Date "2023.08.08"]
[WhiteClock "0:00:00"]
[BlackClock "0:00:16"]
[Board "33"]

1. Nf3 d5 2. b3 c5 3. Bb2 f6 4. e3 e5 5. d4 cxd4 6. exd4 e4 7. Nfd2 f5 8. c4 Nf6 9. Nc3 Bd6 10. cxd5 O-O 11. Nc4 Bb4 12. Ne5 a6 13. d6 b5 14. a3 Bxd6 15. b4 Be6 16. Ne2 Nbd7 17. Nf4 Qe8 18. h4 Nd5 19. Nxe6 Qxe6 20. Nxd7 Qxd7 21. Qb3 Qf7 22. Be2 f4 23. Rh3 f3 24. gxf3 Rae8 25. Kf1 e3 26. f4 exf2 27. Rf3 Rxe2 28. Kxe2 Nxf4+ 29. Kf1 Qxb3 30. Rxb3 Nh5 31. d5 Ng3+ 32. Rxg3 Bxg3 33. Rd1 Bd6 34. Rd3 Rf5 35. Rg3 Bxg3 0-1


[Site "https://www.chess.com"]

[Event "Titled Tuesday Blitz August 08 Early 2023"]
[White "Droin, Augustin"]
[Black "Ashraf, Artin"]
[WhiteFideId "45105987"]
[BlackFideId "22514805"]
[WhiteElo "2542"]
[BlackElo "2807"]
[Result "0-1"]
[Round "6"]
[TimeControl "180+1"]
[Date "2023.08.08"]
[WhiteClock "0:01:59"]
[BlackClock "0:01:29"]
[Board "34"]

1. e4 c5 2. Nf3 d6 3. d4 cxd4 4. Nxd4 Nf6 5. Bb5+ Nbd7 6. O-O a6 7. Bd3 g6 8. c4 Bg7 9. Nc3 O-O 10. f3 Qb6 11. Be3 Ng4 12. fxg4 Bxd4 13. Bxd4 Qxd4+ 14. Kh1 Ne5 15. Be2 Qxd1 16. Raxd1 Bxg4 17. Bxg4 Nxg4 18. Nd5 e6 19. Ne7+ Kg7 20. Rxd6 Rfd8 21. Rfd1 Nf2+ 0-1


[Site "https://www.chess.com"]

[Event "Titled Tuesday Blitz August 08 Early 2023"]
[White "Mika, Tomasz"]
[Black "Kumsiashvili, Nikoloz"]
[WhiteFideId "1132970"]
[BlackFideId "13600621"]
[WhiteElo "2436"]
[BlackElo "2756"]
[Result "0-1"]
[Round "6"]
[TimeControl "180+1"]
[Date "2023.08.08"]
[WhiteClock "0:00:54"]
[BlackClock "0:00:54"]
[Board "35"]

1. e4 c5 2. Nf3 e6 3. d4 cxd4 4. Nxd4 Nc6 5. Nc3 Qc7 6. g3 a6 7. Bg2 h5 8. h4 Nf6 9. O-O Nxd4 10. Qxd4 Bc5 11. Qd3 Ng4 12. Bf4 Qb6 13. Nd1 e5 14. Bg5 O-O 15. c3 a5 16. b3 d6 17. Rb1 Be6 18. Bf3 f5 19. b4 axb4 20. cxb4 Bd4 21. Kg2 Rxa2 22. exf5 Rxf5 23. Bd5 Bxd5+ 0-1


[Site "https://www.chess.com"]

[Event "Titled Tuesday Blitz August 08 Early 2023"]
[White "Nazari, Arad"]
[Black "GaiozNigalidze"]
[WhiteFideId "12577324"]
[WhiteElo "2750"]
[BlackElo "2376"]
[Result "0-1"]
[Round "6"]
[TimeControl "180+1"]
[Date "2023.08.08"]
[WhiteClock "0:00:10"]
[BlackClock "0:00:17"]
[Board "36"]

1. e4 c5 2. Nf3 Nc6 3. Bb5 e5 4. O-O Bd6 5. d4 Nxd4 6. Nxd4 cxd4 7. c3 Bc5 8. b4 Bb6 9. a4 a6 10. Bc4 Nf6 11. Bg5 h6 12. Bh4 Qe7 13. Re1 d6 14. a5 Ba7 15. Ra3 g5 16. Bg3 Be6 17. Bxe6 Qxe6 18. cxd4 Bxd4 19. Rf3 Rc8 20. h4 g4 21. Rd3 Nh5 22. Kh2 Nxg3 23. fxg3 Rc4 24. Qa4+ Ke7 25. Na3 Rc3 26. Rxc3 Bxc3 27. Rd1 Rc8 28. b5 Bd4 29. bxa6 bxa6 30. Qb4 Rc7 31. Qb8 Qc8 32. Qb4 Rc1 33. Qa4 Rxd1 34. Qxd1 Qc3 35. Nc2 Bf2 36. Qxg4 Qxc2 37. h5 Qc1 38. Qf3 Be3 39. Qe2 Bc5 40. Qxa6 Qg1+ 41. Kh3 Qh1+ 42. Kg4 Qxg2 43. Qb7+ Kf6 44. a6 Qe2+ 45. Kh3 Qf1+ 46. Kg4 Qf2 47. Qc8 Qe2+ 48. Kh3 Qxh5+ 49. Kg2 Qe2+ 50. Kh3 Qxe4 51. Qh8+ Ke7 52. Qc8 Qh1+ 53. Kg4 Qd1+ 54. Kh3 Qh5+ 55. Kg2 Qe2+ 56. Kh3 Qf2 57. Qc7+ Kf6 58. Qc8 Qf5+ 0-1


[Site "https://www.chess.com"]

[Event "Titled Tuesday Blitz August 08 Early 2023"]
[White "Bluebaum, Matthias"]
[Black "Ioannidis, Evgenios"]
[WhiteFideId "24651516"]
[BlackFideId "4229274"]
[WhiteElo "3028"]
[BlackElo "2686"]
[Result "1-0"]
[Round "6"]
[TimeControl "180+1"]
[Date "2023.08.08"]
[WhiteClock "0:00:55"]
[BlackClock "0:00:39"]
[Board "37"]

1. d4 Nf6 2. c4 e6 3. Nc3 Bb4 4. e3 O-O 5. Bd2 c5 6. a3 Bxc3 7. Bxc3 Ne4 8. Ne2 b6 9. d5 Ba6 10. Qd3 Nxc3 11. Nxc3 d6 12. dxe6 Nc6 13. exf7+ Rxf7 14. Be2 Ne5 15. Qe4 Bb7 16. Nd5 b5 17. O-O bxc4 18. Bxc4 Kh8 19. Ba2 Ng6 20. Qd3 Rf8 21. f4 Qd7 22. Rae1 Rae8 23. Bc4 Qg4 24. Rf3 Bxd5 25. Bxd5 Nxf4 26. Qf1 Ng6 27. Bf7 Ne5 28. Rf4 Rxf7 29. Rxf7 Nxf7 30. Qxf7 Qe6 31. Qxa7 h6 32. b4 c4 33. Qd4 d5 34. b5 Rc8 35. b6 c3 36. b7 Rb8 37. Qxc3 Rxb7 38. h3 Qe4 39. Qc8+ 1-0


[Site "https://www.chess.com"]

[Event "Titled Tuesday Blitz August 08 Early 2023"]
[White "Kamsky, Gata"]
[Black "Akhmedinov, Satbek"]
[WhiteFideId "2000024"]
[BlackFideId "13714287"]
[WhiteElo "2955"]
[BlackElo "2692"]
[Result "1-0"]
[Round "6"]
[TimeControl "180+1"]
[Date "2023.08.08"]
[WhiteClock "0:01:16"]
[BlackClock "0:00:22"]
[Board "38"]

1. e4 c5 2. Nc3 Nc6 3. Bc4 e6 4. Nf3 g6 5. O-O Bg7 6. d3 Nge7 7. a3 d5 8. Ba2 O-O 9. Ne2 Qb6 10. c3 Bd7 11. Ng3 Rad8 12. Re1 Rfe8 13. e5 d4 14. c4 Nf5 15. Bg5 Rb8 16. Qd2 Qa5 17. Qf4 h6 18. Bf6 Bxf6 19. exf6 e5 20. Nxe5 Nxe5 21. Rxe5 Rxe5 22. Qxe5 Re8 23. Qf4 Re1+ 24. Rxe1 Qxe1+ 25. Nf1 Qa1 26. g4 Kh7 27. Qc7 Be6 28. gxf5 gxf5 29. Qg3 1-0


[Site "https://www.chess.com"]

[Event "Titled Tuesday Blitz August 08 Early 2023"]
[White "Zhigalko, Sergei"]
[Black "Matinian, Nikita"]
[WhiteFideId "13502956"]
[BlackFideId "24129100"]
[WhiteElo "2911"]
[BlackElo "2676"]
[Result "1-0"]
[Round "6"]
[TimeControl "180+1"]
[Date "2023.08.08"]
[WhiteClock "0:00:04"]
[BlackClock "0:00:00"]
[Board "39"]

1. e4 c5 2. Nf3 e6 3. c3 d5 4. e5 Ne7 5. d4 Nf5 6. Bd3 Nc6 7. O-O Be7 8. dxc5 Bxc5 9. Nbd2 a5 10. a4 b6 11. Re1 Ba6 12. Bxf5 exf5 13. Nb3 O-O 14. Be3 Bxe3 15. Rxe3 f4 16. Re1 Re8 17. Nbd4 Rc8 18. h3 h6 19. Nf5 Re6 20. Qd2 g5 21. Rad1 Ne7 22. Nd6 Rc5 23. Nd4 Rg6 24. b4 Rc7 25. bxa5 bxa5 26. Rb1 Kg7 27. Rb6 Bc8 28. Rb8 Qd7 29. N4b5 Rc6 30. Qd4 Re6 31. Ra8 Ra6 32. Rb8 Rc6 33. Rd1 h5 34. Ra8 Ra6 35. Rb8 Rc6 36. h4 gxh4 37. Qxf4 Ng6 38. Nf5+ Kg8 39. Qh6 1-0


[Site "https://www.chess.com"]